 Dungeon Crawl Stone Soup version 0.20-a0-1074-g6a0a8e1 (webtiles) character file.

12502 Alarkh the Cleaver (level 11, -13/124 HPs)
             Began as a Demonspawn Monk on Apr 29, 2017.
             Was a High Priest of Okawaru.
             Mangled by a rakshasa (illusionary)
             ... wielding a +0 long sword
              (17 damage)
             ... on level 11 of the Dungeon.
             The game lasted 00:18:57 (15078 turns).

Alarkh the Cleaver (Demonspawn Monk)               Turns: 15078, Time: 00:18:58

Health: -13/124    AC: 10    Str: 17    XL:     11   Next: 63%
Magic:  16/16      EV: 16    Int: 14    God:    Okawaru [*****.]
Gold:   44         SH:  6    Dex: 16    Spells: 10/10 levels left

rFire    + + .     SeeInvis .   a - +0 battleaxe (freeze)
rCold    . . .     Gourm    .   (shield currently unavailable)
rNeg     + . .     Faith    .   J - +2 leather armour {rF+}
rPois    .         Spirit   .   f - +1 helmet
rElec    .         Reflect  .   (no cloak)
rCorr    .         Harm     .   B - +1 pair of gloves {archery}
MR       .....     Clarity  +   (boots unavailable)
Stlth    ..........             D - amulet of rage
Regen    0.3/turn               F - ring of positive energy
MPRegen  0.2/turn               H - ring of protection from fire

@: berserking, studying Necromancy, very quick
A: hooves 3, large bone plates 2, clarity, nightstalker 2, spiny 1
a: Heroism, Finesse, Renounce Religion, Evoke Berserk Rage


You were on level 11 of the Dungeon.
You worshipped Okawaru.
Okawaru was extremely pleased with you.
You were very hungry.

You visited 2 branches of the dungeon, and saw 12 of its levels.

You collected 782 gold pieces.
You spent 738 gold pieces at shops.

Inventory:

Hand Weapons
 a - a +0 battleaxe of freezing (weapon)
 K - a +0 hand axe
 M - a +0 war axe
 Q - a +0 battleaxe
Armour
 f - a +1 helmet (worn)
 B - a +1 pair of gloves of archery (worn)
 J - a +2 leather armour of fire resistance (worn)
 N - a +0 shield of protection
Magical Staves
 b - an uncursed staff of fire
Jewellery
 s - an uncursed ring of fire
 D - an amulet of rage (around neck)
 F - a ring of positive energy (left hand)
 H - a ring of protection from fire (right hand)
 S - an uncursed ring of poison resistance {unknown}
Wands
 u - a wand of confusion (30/48)
Scrolls
 e - a scroll of identify
 h - 2 scrolls of recharging
 k - 5 scrolls of enchant armour
 o - 3 scrolls of teleportation
 p - 2 scrolls of magic mapping
 q - 4 scrolls of immolation
 r - 2 scrolls of fog
 v - a scroll of blinking {unknown}
 x - 2 scrolls of fear
 y - 6 scrolls of amnesia
 E - 5 scrolls of remove curse
Potions
 d - 6 potions of curing
 g - 4 potions of flight
 i - a potion of heal wounds
 j - 2 potions of resistance
 l - 3 potions of might
 m - a potion of berserk rage
 A - a potion of lignification
 C - 2 potions of mutation
 G - 2 potions of agility
 I - a potion of ambrosia
 O - a potion of haste
 R - a potion of invisibility
Books
 w - a book of Frost

   Spells                             Type                      Level
   a - Freeze                         Ice                          1
   b - Throw Frost                    Conjuration/Ice              2
   c - Ozocubu's Armour               Charms/Ice                   3
   d - Throw Icicle                   Conjuration/Ice              4
   e - Summon Ice Beast               Ice/Summoning                4
 L - a manual of Necromancy
 P - a book of Debilitation

   Spells                             Type                      Level
   a - Corona                         Hexes                        1
   b - Slow                           Hexes                        2
   c - Inner Flame                    Hexes/Fire                   3
   d - Portal Projectile              Hexes/Translocation          3
   e - Cause Fear                     Hexes                        4
   f - Leda's Liquefaction            Hexes/Earth                  4
Comestibles
 c - 6 bread rations
 n - 9 meat rations
 t - 5 fruits
 z - 3 royal jellies


   Skills:
 + Level 6.8 Fighting
 * Level 11.8 Axes
 + Level 5.7 Armour
 + Level 6.1 Dodging
 - Level 1.7 Stealth
 + Level 7.8 Invocations
 + Level 6.2 Evocations


You had 10 spell levels left.
You didn't know any spells.

Dungeon Overview and Level Annotations

Branches:
Dungeon (11/15)            Temple (1/1) D:5            Lair (0/6) D:10
    Orc (0/2) D:10

Altars:
Ashenzari
Cheibriados
Dithmenos
Elyvilon
Fedhas
Gozag
Hepliaklqana
Kikubaaqudgha
Makhleb
Nemelex Xobeh
Okawaru
Qazlal
Ru
Sif Muna
Trog
Uskayaw
Vehumet
Wu Jian
Xom
Yredelemnul
Zin
The Shining One

Shops:
D:4 [   D:9 *   D:10 (:!!

Annotations:
D:7 exclusion: 2 doors


Innate Abilities, Weirdness & Mutations

You have hooves in place of feet.
You are mostly covered in large bone plates. (SH +6)
You are significantly more attuned to the shadows.
You are partially covered in sharp spines.
You possess an exceptional clarity of mind.


Message History

Something hits you!
* * * LOW HITPOINT WARNING * * *
Something hits you.
* * * LOW HITPOINT WARNING * * *
You hit the rakshasa. You freeze the rakshasa.
The rakshasa is heavily wounded.
You slash something! You freeze something.
Reactivating autopickup.
Something hits you.
* * * LOW HITPOINT WARNING * * *
Deactivating autopickup; reactivate with Ctrl-A.
The rakshasa hits you with a long sword!!
* * * LOW HITPOINT WARNING * * *
You miss the rakshasa. Your kick misses the rakshasa.
The rakshasa is heavily wounded.
You slash something! You freeze something. You slash the rakshasa!
You freeze the rakshasa. You block something's attack.
The rakshasa barely misses you. The rakshasa is struck by your spines.
The rakshasa hits you with a long sword!
You die...

............
......(.....
#...((.......
#............
...#............
#..#......[.....
#..#............
#..#...[........
......#
#..#.RR@).......
.......#
#..#..R.........
!......#
#...............
.......#
#...../.........
.......#
#.##............
.....).#
#.##.........>..
.....%.#
#.##............
...$...###R##.........
.......Z..Z##........


You could see 3 rakshasas.

Vanquished Creatures
  4 two-headed ogres
  The ghost of 4thArraOfDagon the Spear-Bearer, a novice DgFi (D:10)
  An unseen horror (D:11)
  2 komodo dragons
  2 trolls (D:9)
  Prince Ribbit (D:7)
  The ghost of Alarkh the Chopper, an amateur DsMo of Okawaru (D:4)
  2 hippogriffs
  A shadow (D:10)
  A wraith (D:8)
  6 yaks (D:10)
  A wyvern (D:11)
  A basilisk (D:8)
  Eustachio (D:5)
  A vampire mosquito (D:8)
  2 hungry ghosts
  A soldier ant (D:10)
  2 acid dragons (D:11)
  A water moccasin (D:10)
  Duvessa (D:7)
  5 ice beasts
  3 black bears
  A sky beast (D:5)
  4 orc warriors
  A necrophage (D:7)
  7 ogres
  A centaur (D:7)
  10 bullfrogs
  A gnoll sergeant (D:9)
  Dowan (D:7)
  A scorpion (D:8)
  4 killer bees (D:9)
  A howler monkey (D:4)
  5 crimson imps
  A centaur zombie (D:11)
  2 quasits
  A gnoll shaman (D:4)
  5 hounds
  4 bullfrog skeletons
  4 centaur skeletons
  8 orc priests
  5 orc wizards
  Ijyb (D:2)
  3 iguanas
  5 worker ants
  2 hound zombies
  A hound skeleton (D:9)
  A howler monkey zombie (D:5)
  2 worker ant zombies
  Robin (D:3)
  13 gnolls
  11 adders
  A shadow imp (D:9)
  6 adder skeletons
  2 adder zombies
  3 dart slugs
  8 leopard geckos
  38 orcs
  6 giant cockroaches
  26 goblins
  12 hobgoblins
  18 jackals
  2 quokkas (D:5)
  2 ball pythons
  5 bats
  5 frilled lizards
  12 kobolds
  A quokka skeleton (D:4)
  8 rats
  2 plants (D:10)
305 creatures vanquished.

Notes
Turn   | Place    | Note
-------+----------+-------------------------------------------
     0 | D:1      | Alarkh the Demonspawn Monk began the quest for the Orb.
     0 | D:1      | Reached XP level 1. HP: 18/18 MP: 1/1
     5 | D:1      | Noticed a seven-headed hydra
     7 | D:1      | Noticed a death yak
    45 | D:1      | Reached skill level 3 in Axes
   196 | D:1      | Gained mutation: You are slightly more attuned to the shadows. [demonic ancestry]
   196 | D:1      | Reached XP level 2. HP: 24/24 MP: 2/2
   825 | D:1      | Gained mutation: You are partially covered in large bone plates. (SH +4) [demonic ancestry]
   825 | D:1      | Reached XP level 3. HP: 29/29 MP: 3/3
  1172 | D:2      | Reached skill level 4 in Axes
  1399 | D:2      | Noticed Ijyb
  1422 | D:2      | Killed Ijyb
  1422 | D:2      | Gained mutation: You are significantly more attuned to the shadows. [demonic ancestry]
  1422 | D:2      | Reached XP level 4. HP: 35/35 MP: 4/4
  1513 | D:2      | Found an iron altar of Okawaru.
  1521 | D:2      | Found a bloodstained altar of Trog.
  1522 | D:2      | Found a burning altar of Makhleb.
  1522 | D:2      | Found a snail-covered altar of Cheibriados.
  1532 | D:2      | Became a worshipper of Warmaster Okawaru
  1532 | D:2      | Reached * piety under Okawaru
  1532 | D:2      | Reached ** piety under Okawaru
  1539 | D:2      | Found a deep blue altar of Sif Muna.
  1539 | D:2      | Found a blossoming altar of Fedhas.
  1542 | D:2      | Found a shimmering altar of Xom.
  1544 | D:2      | Found an ancient bone altar of Kikubaaqudgha.
  1544 | D:2      | Found a glowing golden altar of the Shining One.
  1636 | D:2      | Found a white marble altar of Elyvilon.
  2469 | D:3      | Reached skill level 5 in Axes
  2669 | D:3      | Noticed Robin
  2734 | D:3      | Reached XP level 5. HP: 41/41 MP: 5/5
  2788 | D:3      | Killed Robin
  3247 | D:4      | Noticed an ogre
  3262 | D:4      | Killed an ogre
  3262 | D:4      | Reached skill level 6 in Axes
  3262 | D:4      | Reached XP level 6. HP: 47/47 MP: 3/6
  3728 | D:4      | Noticed Alarkh's ghost (amateur DsMo)
  3785 | D:4      | Killed Alarkh's ghost
  3785 | D:4      | Reached skill level 7 in Axes
  3785 | D:4      | Gained mutation: You have large cloven feet. [demonic ancestry]
  3785 | D:4      | Reached XP level 7. HP: 21/52 MP: 4/7
  4342 | D:4      | Reached *** piety under Okawaru
  4455 | D:4      | Reached skill level 8 in Axes
  4891 | D:4      | Found Guposcho's Antique Armour Boutique.
  4906 | D:4      | Bought a pair of embroidered gloves for 232 gold pieces
  5674 | D:5      | Entered Level 5 of the Dungeon
  5763 | D:5      | Gained mutation: You have hoof-like feet. [demonic ancestry]
  5763 | D:5      | Reached XP level 8. HP: 47/58 MP: 8/8
  5843 | D:5      | Reached skill level 9 in Axes
  6302 | D:5      | Found a staircase to the Ecumenical Temple.
  6363 | Temple   | Entered the Ecumenical Temple
  6504 | D:5      | Reached skill level 1 in Invocations
  6792 | D:5      | Reached skill level 1 in Armour
  6808 | D:5      | Found a shattered altar of Ashenzari.
  7059 | D:6      | Noticed Eustachio
  7099 | D:5      | Killed Eustachio
  7099 | D:5      | Reached skill level 1 in Evocations
  7269 | D:5      | Gained mutation: You possess an exceptional clarity of mind. [mutagenic meat]
  7620 | D:6      | HP: 2/60 [ice beast (10)]
  8269 | D:6      | Reached **** piety under Okawaru
  8269 | D:6      | Gained mutation: You are mostly covered in large bone plates. (SH +6) [demonic ancestry]
  8269 | D:6      | Reached XP level 9. HP: 56/65 MP: 11/11
  9332 | D:7      | Reached skill level 10 in Axes
  9371 | D:7      | Noticed Prince Ribbit
  9561 | D:7      | Noticed Duvessa
  9564 | D:7      | Noticed Dowan
  9576 | D:7      | Killed Dowan
  9579 | D:7      | Killed Duvessa
  9842 | D:7      | Found a glowing golden altar of the Shining One.
 10060 | D:7      | Found a sacrificial altar of Ru.
 10634 | D:7      | Killed Prince Ribbit
 10634 | D:7      | Reached skill level 5 in Fighting
 10913 | D:8      | Noticed a two-headed ogre
 10976 | D:8      | Noticed a two-headed ogre
 10988 | D:8      | Killed a two-headed ogre
 10988 | D:8      | Reached ***** piety under Okawaru
 10988 | D:8      | Reached skill level 5 in Invocations
 10988 | D:8      | Gained mutation: You have hooves in place of feet. [demonic ancestry]
 10988 | D:8      | Reached XP level 10. HP: 74/74 MP: 10/13
 11252 | D:8      | HP: 1/74 [something (22)]
 11501 | D:8      | Killed a two-headed ogre
 11501 | D:8      | Reached skill level 11 in Axes
 11501 | D:8      | Reached skill level 5 in Dodging
 11501 | D:8      | Reached skill level 5 in Evocations
 11658 | D:8      | Found a glowing silver altar of Zin.
 12318 | D:9      | Found Atih's Assorted Antiques.
 12323 | D:9      | Bought a fuming red potion for 26 gold pieces
 12323 | D:9      | Bought a scroll of teleportation for 87 gold pieces
 12323 | D:9      | Bought a scroll labeled HUMEUBBITZ for 29 gold pieces
 12323 | D:9      | Bought a scroll of identify for 58 gold pieces
 12860 | D:9      | Received a gift from Okawaru
 13266 | D:10     | Entered Level 10 of the Dungeon
 13266 | D:10     | Found Guidghen's Weapon Boutique.
 13270 | D:10     | Found Niwkeffank's Book Emporium.
 13285 | D:10     | Bought a +0 battleaxe of freezing for 178 gold pieces
 13403 | D:10     | Noticed a two-headed ogre
 13408 | D:10     | Gained mutation: You are partially covered in sharp spines. [demonic ancestry]
 13408 | D:10     | Reached XP level 11. HP: 78/81 MP: 16/16
 13415 | D:10     | Killed a two-headed ogre
 13415 | D:10     | Reached skill level 5 in Armour
 13473 | D:10     | Found Vegey's Distillery.
 13546 | D:10     | Noticed 4thArraOfDagon's ghost (novice DgFi)
 13560 | D:10     | Killed 4thArraOfDagon's ghost
 13834 | D:10     | Found a staircase to the Lair.
 13875 | D:10     | Noticed a two-headed ogre
 13887 | D:10     | Killed a two-headed ogre
 13954 | D:10     | Found a staircase to the Orcish Mines.
 14435 | D:10     | Found Plog's Distillery.
 14441 | D:10     | Bought a potion of might for 64 gold pieces
 14441 | D:10     | Bought a potion of agility for 64 gold pieces
 14845 | D:11     | Noticed a rakshasa
 15075 | D:11     | Killed an unseen horror
 15077 | D:11     | HP: 4/124 [rakshasa (illusionary)/long sword (18)]
 15078 | D:11     | Mangled by a rakshasa (illusionary)

Vault maps used:
D:1:      sevenhm_arrival_forest_fort_small_2, corexii_hall_statues_l
D:2:      kennysheep_the_goblin_king, elyvilon_altar_3, okawaru_trees_1,
          grunt_temple_overflow_open, minmay_tromino_i4
D:3:      uniq_robin
D:4:      corexii_shantytown, serial_shops, kennysheep_little_box, first_bread,
          st_stairs_5
D:5:      kennysheep_mini, temple_doors_e
D:6:      serial_curves, eino_curves_03, eino_curves_04, hangedman_glass_teeth,
          uniq_eustachio
D:7:      cheibrodos_two_vegetables, overflow_temple_1_default, tso_metal_star,
          uniq_duvessa, uniq_prince_ribbit1
D:8:      minmay_blocky_corners, zin_statuary
D:9:      serial_shops, kennysheep_mini_moat
D:10:     david_lair_shrubbed, david_orc_2, serial_shops, shop,
          nicolae_shop_trees, nicolae_shop_crystal, shop_statue
D:11:     hangedman_fish_farm, kb_rosetta
Temple:   dpeg_three_leaves_temple

Skill      XL: |  1  2  3  4  5  6  7  8  9 10 11 |
---------------+----------------------------------+-----
Axes           | 3 4 5 6 7 8 9 10 11 | 11.8
Invocations    | 3 5 6 7 |  7.8
Armour         | 2 3 4 5 |  5.7
Dodging        | 3 4 5 6 |  6.1
Evocations     | 2 4 5 6 |  6.2
Fighting       | 4 5 6 |  6.8
Stealth        | |  1.7

Action                   |  1- 3 |  4- 6 |  7- 9 | 10-12 || total
-------------------------+-------+-------+-------+-------++-------
Melee: Hand axe          |   124 |   209 |   710 |    21 ||  1064
       Punch             |       |     1 |     1 |       ||     2
       Kick              |       |       |   209 |    75 ||   284
       Battleaxe         |       |       |       |   218 ||   218
       War axe           |       |       |       |    54 ||    54
Invok: Heroism           |       |     4 |     8 |       ||    12
 Abil: Evoke Berserk Rag |       |       |    12 |    14 ||    26
Evoke: Wand              |       |       |     7 |       ||     7
  Use: Scroll            |     3 |     4 |     7 |     4 ||    18
       Potion            |     1 |     6 |       |       ||     7
 Stab: Sleeping          |     7 |    12 |    19 |     9 ||    47
       Distracted        |       |     3 |     3 |     1 ||     7
       Invisible         |       |     1 |       |       ||     1
       Confused          |       |       |    12 |       ||    12
  Eat: Chunk             |     2 |     7 |    32 |    27 ||    68
       Fruit             |       |       |     3 |     1 ||     4
Armor: Robe              |    23 |    31 |   115 |       ||   169
       Skin              |    13 |    12 |       |       ||    25
       Leather armour    |       |       |    17 |    82 ||    99
Dodge: Dodged            |    69 |   114 |   334 |   195 ||   712
Block: Other             |     8 |    33 |   115 |    95 ||   251
